 Seeded DCSS version 0.29.1-1-gd02db6906a (webtiles) character file.

Game seed: 9708579739092153053 (custom seed)

7248 GigaChad the Blocker (level 10, -3/84 HPs)
             Began as a Minotaur Fighter on Sept 15, 2022.
             Was a Priest of Ashenzari.
             Slain by a manticore (12 damage)
             ... on level 11 of the Dungeon.
             The game lasted 00:20:13 (8834 turns).

GigaChad the Blocker (Minotaur Fighter)             Turns: 8834, Time: 00:20:14

Health: -3/84      AC: 14    Str: 29    XL:     10   Next: 88%
Magic:  9/9        EV: 11    Int:  5    God:    Ashenzari [***...]
Gold:   2420       SH:  7    Dex: 12    Spells: 9/9 levels left

rFire   . . .      SeeInvis +   e - +7 mace of the Maze {spect, rPois Will+ Str+2}
rCold   . . .      Faith    .   c - +0 buckler "Thunder Perfect Mind" {Comp, Fort} (curse)
rNeg    . . .      Spirit   .   g - +0 plate armour of the Restrained Sky {Melee, Comp} (curse)
rPois   +          Reflect  .   (helmet restricted)
rElec   +          Harm     .   (no cloak)
rCorr   +          Rampage  .   (no gloves)
Will    +....      Clarity  +   (no boots)
Stlth   ..........              O - amulet of Ashenzari's Yoke {Acrobat, Evo, Comp} (curse)
HPRegen 0.24/turn               n - ring of Ashenzari's Negligence {rPois Str+4, Cun, Range} (curse)
MPRegen 0.11/turn               o - ring "Doubts of Ashenzari" {Drain +Blink rElec rCorr SInv, Alch, Fort} (curse)

@: slowed, very slow
A: horns 2, retaliatory headbutt
a: Renounce Religion, Evoke Blink, Shatter the Chains


You were on level 11 of the Dungeon.
You worshipped Ashenzari.
Ashenzari was most pleased with you.
You visited 2 branches of the dungeon, and saw 12 of its levels.

You collected 2420 gold pieces.

Inventory:

Hand Weapons
 a - a +0 long sword
 e - the +7 mace of the Maze (weapon) {spect, rPois Will+ Str+2}
   (You found it on level 2 of the Dungeon)

   When its wielder attacks, the weapon's spirit leaps out and strikes again.
   The spirit shares a part of any damage it takes with its wielder.
   Str:       It affects your strength (+2).
   rPois:     It protects you from poison.
   Will:      It increases your willpower.
 A - a +2 vorpal shortbow
 D - a +1 antimagic quarterstaff
 H - the +6 mace of Beid {holy, rPois MP-9 Dex+2}
   (You found it on level 8 of the Dungeon)

   It has been blessed by the Shining One to cause great damage to the undead
   and demons.
   Dex:       It affects your dexterity (+2).
   rPois:     It protects you from poison.
   MP:        It affects your magic capacity (-9).
 P - a +4 trident
 Q - the +3 mace "Impslayer" {drain, *Rage rN++ Stlth+}
   (You found it on level 10 of the Dungeon)

   A truly terrible weapon, it drains the life of any living foe it strikes.
   rN:        It greatly protects you from negative energy.
   *Rage:     It berserks you when you make melee attacks (+20% chance).
   Stlth:     It makes you more stealthy.
Armour
 b - a +0 scale mail
 c - the cursed +0 buckler "Thunder Perfect Mind" (worn) {Comp, Fort}

   It has a curse which improves the following skills: Companions: Summonings
   and Necromancy.
   Fortitude: Armour and Shields.
 g - the cursed +0 plate armour of the Restrained Sky (worn) {Melee, Comp}
   (You found it on level 2 of the Dungeon)

   It has a curse which improves the following skills: Melee Combat: Short
   Blades, Long Blades, Axes, Maces & Flails, Polearms, Staves and Unarmed
   Combat.
   Companions: Summonings and Necromancy.
 j - a +0 troll leather armour
 E - a +0 plate armour
 N - +0 acid dragon scales
Jewellery
 n - the cursed ring of Ashenzari's Negligence (left hand) {rPois Str+4, Cun, Range}
   (You acquired it on level 3 of the Dungeon)

   [ring of poison resistance]

   Str:       It affects your strength (+4).
   rPois:     It protects you from poison.
   It has a curse which improves the following skills: Cunning: Dodging and
   Stealth.
   Ranged Combat: Ranged Weapons and Throwing.
 o - the cursed ring "Doubts of Ashenzari" (right hand) {Drain +Blink rElec rCorr SInv, Alch, Fort}
   (You acquired it on level 3 of the Dungeon)

   [ring of see invisible]

   rElec:     It insulates you from electricity.
   SInv:      It lets you see invisible.
   +Blink:    It lets you blink.
   rCorr:     It protects you from acid and corrosion.
   Drain:     It drains your maximum health when unequipped.
   It has a curse which improves the following skills: Alchemy: Poison Magic and
   Transmutations.
   Fortitude: Armour and Shields.
 x - a ring of resist corrosion
 y - a +6 ring of dexterity
 F - a ring of protection from cold
 J - a ring of see invisible
 O - the cursed amulet of Ashenzari's Yoke (around neck) {Acrobat, Evo, Comp}
   (You found it on level 10 of the Dungeon)

   [amulet of the acrobat]

   It increases your evasion while moving and waiting.
   It has a curse which improves the following skills: Evocations: Evocations.
   Companions: Summonings and Necromancy.
 R - a ring of positive energy
Wands
 B - a wand of roots (5)
 I - a wand of charming (10)
 L - a wand of acid (6)
Scrolls
 f - 2 scrolls of noise
 h - 9 scrolls of identify
 l - a scroll of fear
 m - 3 scrolls of immolation
 s - 2 scrolls of blinking
 t - 3 scrolls of magic mapping
 M - a scroll of butterflies
Potions
 d - a potion of might
 i - a potion of brilliance
 k - 3 potions of haste
 p - 2 potions of flight
 q - 2 potions of resistance
 r - 2 potions of degeneration
 u - 2 potions of heal wounds
 v - a potion of magic
 w - 3 potions of attraction
 z - a potion of curing
 C - 4 potions of lignification
 G - a potion of cancellation
 K - a potion of ambrosia


   Skills:
 - Level 6.9 Fighting
 - Level 2.4(3.7) Long Blades
 - Level 10.5(12.1) Maces & Flails
 - Level 8.1(10.6) Armour
 + Level 9.2(10.8) Dodging
 - Level 10.9(13.3) Shields


You had 9 spell levels left.
You didn't know any spells.
Your spell library contained the following spells:

 Spells                   Type           Power      Damage    Failure   Level
 Necrotise                Necr           0%         1d4       98%         1
 Shock                    Conj/Air       0%         1d3       99%         1
 Poisonous Vapours        Pois/Air       0%         N/A       100%        2
 Swiftness                Air            0%         N/A       100%        3
 Vampiric Draining        Necr           0%         2d6       100%        3
 Airstrike                Air            0%         2d(0-16)  100%        4
 Corpse Rot               Necr/Pois/Air  0%         N/A       100%        4
 Agony                    Necr           0%         N/A       100%        5
 Dispersal                Tloc           0%         N/A       100%        6
 Disjunction              Tloc           0%         N/A       100%        8


Dungeon Overview and Level Annotations

Branches:
Dungeon (11/15)            Temple (1/1) D:6
   Lair: D:8-11         Orc: D:9-12

Altars:
Ashenzari
Cheibriados
Dithmenos
Fedhas
Gozag
Hepliaklqana
Makhleb
Okawaru
Qazlal
Ru
Sif Muna
Uskayaw
Vehumet
Wu Jian
Xom
Yredelemnul
Zin
The Shining One

Annotations:
D:5 3 runed translucent doors, LustLizard's ghost, amateur DjIE


Innate Abilities, Weirdness & Mutations

You have a pair of horns on your head.
You reflexively headbutt those who attack you in melee.


Message History

The orc warrior hits you but does no damage.
The troll misses your +7 mace of the Maze {spect, rPois Will+ Str+2}.
The troll closely misses your +7 mace of the Maze {spect, rPois Will+ Str+2}.
The troll claws your +7 mace of the Maze {spect, rPois Will+ Str+2}.
Your spectral weapon shares its damage with you!
You block the orc wizard's attack. x2; The orc warrior closely misses you.
You sock the orc wizard!
You kill the orc wizard!
The orc warrior hits you from afar with a +0 glaive!
The orc warrior misses you.
You barely miss the manticore.
Your +7 mace of the Maze {spect, rPois Will+ Str+2} closely misses the manticore.
The manticore barely misses you. You furiously retaliate!
You headbutt the manticore. The manticore barely misses you.
The manticore closely misses you. The orc warrior misses you.
The troll bites your +7 mace of the Maze {spect, rPois Will+ Str+2}.
Your spectral weapon shares its damage with you!
The troll claws your +7 mace of the Maze {spect, rPois Will+ Str+2} but does no damage.
The troll claws your +7 mace of the Maze {spect, rPois Will+ Str+2}.
Your spectral weapon shares its damage with you!
You barely miss the manticore.
The manticore is lightly wounded.
Your +7 mace of the Maze {spect, rPois Will+ Str+2} hits the manticore!
The killer bee barely misses you.
The orc warrior hits you from afar with a +0 glaive.
A boulder beetle comes into view.
The manticore bites you!
* * * LOW HITPOINT WARNING * * *
You block the manticore's attack. The manticore claws you.
* * * LOW HITPOINT WARNING * * *
The killer bee closely misses you. You furiously retaliate!
You headbutt the killer bee! You barely miss the manticore.
Your headbutt misses the manticore.
The manticore is moderately wounded.
Your +7 mace of the Maze {spect, rPois Will+ Str+2} barely misses the manticore.
The killer bee stings you.
* * * LOW HITPOINT WARNING * * *
The orc warrior hits you but does no damage.
The manticore bites you!
You die...

, #.##..............# ,*
$# ,#.#..........##### $.#
* #...........# , #.#*
##....#####.# , #.# #....#
#.# ###.###....# #.######
,#.....#.D..# #......# ,
##..B..#.y..# #......#
......W.oH@.# #......## *
,##.....#.T(.#####.......#
,
,#.....#ยง...............#
###.###..........<###### ,
##,,#...........# , ,
#...........# ,, *
............### * ,*
##.............#
.........###


You could see a boulder beetle, a manticore, a troll, a wraith, an orc warrior,
an acid dragon, a killer bee and a friendly +7 mace of the Maze {spect, rPois
Will+ Str+2} (summoned).

Vanquished Creatures
  Erolcha (D:9)
  A two-headed ogre (D:11)
  Joseph (D:8)
  A kobold demonologist (D:10)
  A troll (D:10)
  A hornet (D:10)
  Prince Ribbit (D:7)
  Grinder (D:6)
  3 yaks (D:10)
  A shadow (D:10)
  Eustachio (D:6)
  A steam dragon (D:7)
  2 wraiths
  2 vampire mosquitoes (D:10)
  A swamp worm (D:7)
  2 acid dragons (D:9)
  2 water moccasins
  A sky beast (D:7)
  An orc warrior (D:7)
  2 black bears (D:6)
  A phantom (D:6)
  3 centaurs (D:8)
  3 kobold brigands
  3 bullfrogs
  2 necrophages
  A scorpion (D:5)
  4 wights (D:10)
  An electric eel (D:9)
  3 howler monkeys (D:9)
  A crimson imp (D:8)
  2 gnoll boudas
  A hound (D:5)
  2 jellies
  5 orc priests
  5 iguanas
  14 orc wizards
  Robin (D:4)
  9 adders
  8 gnolls
  A white imp (D:8)
  An ufetubus (D:5)
  4 worms
  A dart slug (D:5)
  29 orcs
  2 endoplasms (D:3)
  2 giant cockroaches
  15 goblins
  5 hobgoblins
  4 jackals (D:2)
  3 quokkas (D:6)
  3 ball pythons
  A bat (D:3)
  2 frilled lizards
  11 kobolds
  2 rats (D:6)
182 creatures vanquished.

Vanquished Creatures (others)
  5 plants
5 creatures vanquished.

Grand Total: 187 creatures vanquished

Notes
Turn   | Place    | Note
-------+----------+-------------------------------------------
     0 | D:1      | GigaChad the Minotaur Fighter began the quest for the Orb.
     0 | D:1      | Reached XP level 1. HP: 19/19 MP: 0/0
   100 | D:2      | Identified the +7 mace of the Maze {spect, rPois Will+
                  | Str+2}
   298 | D:2      | Reached XP level 2. HP: 27/27 MP: 1/1
   773 | D:3      | Reached skill level 5 in Fighting
   799 | D:3      | Reached XP level 3. HP: 36/36 MP: 2/2
   810 | D:3      | Identified 3 scrolls of acquirement
   810 | D:3      | Acquired the ring "Cobuupsu" {rPois Str+4}
   813 | D:3      | Acquired the ring "Moeroux" {Drain +Blink rElec rCorr SInv}
   816 | D:3      | Acquired 1156 gold pieces
   916 | D:3      | Reached XP level 4. HP: 39/44 MP: 3/3
  1071 | D:4      | Reached XP level 5. HP: 51/51 MP: 4/4
  1173 | D:4      | Noticed Robin
  1187 | D:4      | Killed Robin
  1620 | D:5      | Entered Level 5 of the Dungeon
  1624 | D:5      | Reached skill level 5 in Armour
  1738 | D:5      | Found a runed translucent gate.
  1738 | D:5      | Found a runed translucent gate.
  1738 | D:5      | Found a runed translucent gate.
  1739 | D:5      | Noticed LustLizard's ghost (amateur DjIE)
  1840 | D:5      | Reached XP level 6. HP: 55/58 MP: 5/5
  1978 | D:6      | Noticed Eustachio
  1986 | D:6      | Killed Eustachio
  1987 | D:6      | Reached XP level 7. HP: 64/64 MP: 6/6
  2001 | D:6      | Found a large runed translucent door.
  2002 | D:6      | Found a large runed translucent door.
  2011 | D:6      | Noticed Grinder
  2012 | D:6      | Found a basalt altar of Yredelemnul.
  2016 | D:6      | Killed Grinder
  2025 | D:6      | Found a radiant altar of Vehumet.
  2081 | D:6      | Reached skill level 5 in Maces & Flails
  2121 | D:6      | Reached XP level 8. HP: 69/71 MP: 7/7
  2370 | D:6      | Found a staircase to the Ecumenical Temple.
  2386 | Temple   | Entered the Ecumenical Temple
  2391 | Temple   | Became a worshipper of Ashenzari the Shackled
  3393 | D:7      | Noticed Prince Ribbit
  3405 | D:7      | Reached skill level 10 in Maces & Flails
  3411 | D:7      | Killed Prince Ribbit
  3412 | D:7      | Reached XP level 9. HP: 24/78 MP: 8/8
  4284 | D:7      | Reached skill level 5 in Shields
  4627 | D:8      | Noticed Joseph
  4642 | D:8      | Killed Joseph
  5074 | D:8      | Found a stormy altar of Qazlal.
  5349 | D:8      | Reached * piety under Ashenzari
  5736 | D:8      | Identified the +6 mace of Beid {holy, rPois MP-9 Dex+2}
  5979 | D:8      | Reached ** piety under Ashenzari
  6782 | D:9      | Noticed Erolcha
  6788 | D:9      | Killed Erolcha
  6789 | D:9      | Reached skill level 10 in Shields
  6789 | D:9      | Reached XP level 10. HP: 64/84 MP: 9/9
  7228 | D:9      | Reached skill level 1 in Dodging
  7424 | D:9      | Found a sacrificial altar of Ru.
  7501 | D:9      | Found a hide-covered altar of Uskayaw.
  7678 | D:9      | Found an ornate altar of the Wu Jian Council.
  7765 | D:9      | Found a snail-covered altar of Cheibriados.
  7826 | D:10     | Entered Level 10 of the Dungeon
  7845 | D:10     | Noticed a rust devil
  8238 | D:10     | Reached skill level 5 in Dodging
  8480 | D:10     | Identified the +3 mace "Impslayer" {drain, *Rage rN++
                  | Stlth+}
  8503 | D:10     | Acquired 815 gold pieces
  8741 | D:11     | Noticed a two-headed ogre
  8747 | D:11     | Killed a two-headed ogre
  8777 | D:11     | Reached *** piety under Ashenzari
  8820 | D:11     | Noticed a manticore
  8833 | D:11     | Noticed a boulder beetle
  8834 | D:11     | Slain by a manticore

Illustrated notes

Levels and vault maps discovered:
D:1:      matt_arrival_spirals, layout_loops_ring,
          chequers_ecumenical_altar_island, chequers_serial_rivers_room_b,
          minmay_misc_feat_nine_boxes
D:2:      layout_basic, chequers_serial_rivers_small_3
D:3:      layout_loops_ring
D:4:      layout_loops_corners, kennysheep_generic_room_5, uniq_robin
D:5:      kennysheep_kobold_camp, layout_cave_pools,
          gammafunk_ghost_nasty_kobolds, nicolae_fountain_basement
D:6:      minmay_evil_eye, layout_loops_ring, jmf_multi_god_temple2,
          temple_statues, gup_sewer_entry_bubbles, uniq_grinder, uniq_eustachio
D:7:      layout_loops_ring, worms_lemuel, uniq_prince_ribbit1
D:8:      layout_layer_cave, mainiacjoe_overflow_tiny_flanked, minivault_22,
          minmay_fire_ice_demons, uniq_joseph
D:9:      layout_roguey, lemuel_coloured_pillars_altar,
          mainiacjoe_overflow_alcove_2, nicolae_ru_the_path_less_chosen,
          chei_slow_surprise, serial_bayou_pond_b, kennysheep_path_1,
          lemuel_flamethrower_2, uniq_erolcha
D:10:     layout_rooms
D:11:     minmay_the_grid_square_5x5_4x4 [minmay_the_grid_square_5x5_spiral,
          minmay_the_grid_square_5x5_two_small,
          minmay_the_grid_square_5x5_forky,
          minmay_the_grid_square_5x5_two_walls_b,
          minmay_the_grid_square_5x5_three_small,
          minmay_the_grid_square_5x5_prize_open,
          minmay_the_grid_square_5x5_prize_waves,
          minmay_the_grid_square_5x5_shrine2,
          minmay_the_grid_square_5x5_moneybag,
          minmay_the_grid_square_5x5_prize_gold,
          minmay_the_grid_square_5x5_prize_monsterx,
          minmay_the_grid_square_5x5_intrusive_squares,
          minmay_the_grid_square_5x5_bridge, minmay_the_grid_square_5x5_minimal,
          minmay_the_grid_square_5x5_dogpile, minmay_the_grid_square_5x5_slash],
          layout_irregular_city, dpeg_oklobed_lair, gammafunk_ghost_hive,
          kennysheep_nondescript
Temple:   hellmonk_temple_two_chambers

Skill      XL: |  1  2  3  4  5  6  7  8  9 10 |
---------------+-------------------------------+-----
Fighting       | 4 5 6 |  6.9
Armour         | 6 8 |  8.1
Maces & Flails | 6 10 | 10.5
Shields        | 10 | 10.9
Dodging        | 9 |  9.2
Long Blades    | |  2.4

Action                   |  1- 3 |  4- 6 |  7- 9 | 10-12 || total
-------------------------+-------+-------+-------+-------++-------
Melee: Long sword        |    10 |       |       |       ||    10
       Mace              |    38 |    61 |   155 |    98 ||   352
       Headbutt          |     2 |     6 |    23 |    10 ||    41
Invok: Curse Item        |       |       |     3 |     2 ||     5
  Use: Scroll            |     3 |     1 |     7 |     3 ||    14
 Stab: Distracted        |       |       |     2 |     1 ||     3
Armor: Scale mail        |     9 |       |       |       ||     9
       Plate armour      |    24 |    34 |   109 |    47 ||   214
Dodge: Dodged            |    19 |    24 |    54 |    64 ||   161
Block: Buckler           |    13 |    18 |    33 |    45 ||   109
